TOP OF THE 1ST |
Miami Beach Marlins batting - Pitching for Oakland Oaks : LHP Artemio Millares
|
Pitching: LHP Artemio Millares
|
|
Batting: RHB Bill Atley
|
0-0: Called Strike 0-1: Ball 1-1: Swinging Strike 1-2: Strikes out looking
|
Batting: LHB Luis Ortegon
|
0-0: Ball 1-0: Swinging Strike 1-1: Swinging Strike 1-2: Ball 2-2: Strikes out swinging
|
Batting: RHB Melvin Nava
|
0-0: Ball 1-0: Foul Ball, location: 2F 1-1: Ball 2-1: Ground out U3 (Groundball, 34S, EV 73.8 MPH)
|
Top of the 1st over - 0 runs, 0 hits, 0 errors, 0 left on base; Miami Beach 0 - Oakland 0 |
BOTTOM OF THE 1ST |
Oakland Oaks batting - Pitching for Miami Beach Marlins : RHP Eric Simons
|
Pitching: RHP Eric Simons
|
|
Batting: LHB Bill Helmer
|
0-0: Ball 1-0: Bunt missed! 1-1: Ball 2-1: Called Strike 2-2: Ball 3-2: Fly out, F7 (Flyball, 7LSF, EV 90.6 MPH)
|
Batting: SHB Steve McGee
|
0-0: Ball 1-0: Foul Ball, location: 2F 1-1: SINGLE (Groundball, 34D, EV 105.6 MPH) (infield hit)
|
Batting: SHB Chris King
|
0-0: Ground out 6-3 (Groundball, 6MS, EV 84.4 MPH) Steve McGee to second
|
Batting: RHB Moises Guzman
|
0-0: Foul Ball, location: 2F 0-1: Ball 1-1: Swinging Strike 1-2: Strikes out swinging
|
Bottom of the 1st over - 0 runs, 1 hit, 0 errors, 1 left on base; Miami Beach 0 - Oakland 0 |
TOP OF THE 2ND |
Miami Beach Marlins batting - Pitching for Oakland Oaks : LHP Artemio Millares
|
Batting: SHB Emmet Brickowski
|
0-0: Ball 1-0: Ball 2-0: Ball 3-0: Base on Balls
|
Batting: RHB Orlando Melendres
|
0-0: Ball 1-0: Ball 2-0: Ball Emmet Brickowski steals 2nd base (no throw) 3-0: Foul Ball, location: 2F 3-1: SINGLE (Flyball, 4MD, EV 91.2 MPH) Emmet Brickowski to third
|
Batting: LHB Henry Huezo
|
0-0: Called Strike 0-1: Ball 1-1: Called Strike 1-2: Ball 2-2: Foul Ball, location: 2F 2-2: Ball Wild Pitch! Emmet Brickowski scores Orlando Melendres to second 3-2: Fly out, F8 (Flyball, 8LD, EV 89.4 MPH)
|
Batting: RHB Timo Myers
|
0-0: DOUBLE (Line Drive, 89D, EV 105.0 MPH) Orlando Melendres scores
|
Batting: RHB Dustin Baker
|
0-0: Called Strike 0-1: Foul Ball, location: 2F 0-2: Strikes out swinging
|
Batting: RHB Mike Day
|
0-0: Ball 1-0: Ball 2-0: Called Strike 2-1: Foul Ball, location: 2F 2-2: Foul Ball, location: 2F 2-2: Ball 3-2: Foul Ball, location: 2F 3-2: Strikes out swinging
|
Top of the 2nd over - 2 runs, 2 hits, 0 errors, 1 left on base; Miami Beach 2 - Oakland 0 |
BOTTOM OF THE 2ND |
Oakland Oaks batting - Pitching for Miami Beach Marlins : RHP Eric Simons
|
Batting: LHB Brian Canny
|
0-0: Swinging Strike 0-1: Foul Ball, location: 2F 0-2: Ball 1-2: Strikes out swinging
|
Batting: RHB Mario Medina
|
0-0: Foul Ball, location: 2F 0-1: SINGLE (Groundball, 56, EV 106.9 MPH)
|
Batting: RHB Robby Britton
|
0-0: Ball 1-0: Grounds into double play, 5-4-3 (Groundball, 56, EV 84.4 MPH)
|
Bottom of the 2nd over - 0 runs, 1 hit, 0 errors, 0 left on base; Miami Beach 2 - Oakland 0 |
TOP OF THE 3RD |
Miami Beach Marlins batting - Pitching for Oakland Oaks : LHP Artemio Millares
|
Batting: RHB Bill Atley
|
0-0: Ball 1-0: Ball 2-0: Ball 3-0: Called Strike 3-1: Base on Balls
|
Batting: LHB Luis Ortegon
|
0-0: Foul Ball, location: 2F 0-1: Foul Ball, location: 2F 0-2: Foul Ball, location: 2F 0-2: Ball 1-2: Ball 2-2: Ball 3-2: Foul Ball, location: 2F 3-2: Ground out 4-3 (Groundball, 4, EV 90.6 MPH) Bill Atley to second
|
Batting: RHB Melvin Nava
|
0-0: Foul Ball, location: 2F 0-1: Ball 1-1: Foul Ball, location: 2F 1-2: Strikes out looking
|
Batting: SHB Emmet Brickowski
|
0-0: Ball 1-0: Ball 2-0: Ball 3-0: Base on Balls
|
Batting: RHB Orlando Melendres
|
0-0: Called Strike 0-1: Foul Ball, location: 2F 0-2: Ball 1-2: Fly out, F1 (Line Drive, P, EV 62.5 MPH)
|
Top of the 3rd over - 0 runs, 0 hits, 0 errors, 2 left on base; Miami Beach 2 - Oakland 0 |
BOTTOM OF THE 3RD |
Oakland Oaks batting - Pitching for Miami Beach Marlins : RHP Eric Simons
|
Batting: RHB Edwin Nunez
|
0-0: Ball 1-0: SINGLE (Groundball, 5D, EV 94.4 MPH)
|
Batting: RHB Matt Nehman
|
0-0: Foul Ball, location: 2F 0-1: Swinging Strike 0-2: Ball 1-2: Strikes out swinging
|
Batting: LHB Bill Helmer
|
0-0: Called Strike 0-1: Foul Ball, location: 2F 0-2: Ball 1-2: Fielders Choice at 2nd, 4-6 (Groundball, 4, EV 103.8 MPH)
|
Batting: SHB Steve McGee
|
0-0: Ball 1-0: Foul Ball, location: 2F 1-1: Ball 2-1: Ball 3-1: Fielders Choice at 2nd, 5-4 (Groundball, 5, EV 90.6 MPH)
|
Bottom of the 3rd over - 0 runs, 1 hit, 0 errors, 1 left on base; Miami Beach 2 - Oakland 0 |
TOP OF THE 4TH |
Miami Beach Marlins batting - Pitching for Oakland Oaks : LHP Artemio Millares
|
Batting: LHB Henry Huezo
|
0-0: Ball 1-0: Called Strike 1-1: Swinging Strike 1-2: Foul Ball, location: 2F 1-2: Fly out, F9 (Line Drive, 9D, EV 88.8 MPH)
|
Batting: RHB Timo Myers
|
0-0: Ball 1-0: Foul Ball, location: 2F 1-1: Ball 2-1: Ball 3-1: Fly out, F8 (Flyball, 8RXD, EV 103.1 MPH)
|
Batting: RHB Dustin Baker
|
0-0: Swinging Strike 0-1: Swinging Strike 0-2: Strikes out looking
|
Top of the 4th over - 0 runs, 0 hits, 0 errors, 0 left on base; Miami Beach 2 - Oakland 0 |
BOTTOM OF THE 4TH |
Oakland Oaks batting - Pitching for Miami Beach Marlins : RHP Eric Simons
|
Batting: SHB Chris King
|
0-0: Swinging Strike 0-1: Called Strike 0-2: Ball 1-2: Strikes out swinging
|
Batting: RHB Moises Guzman
|
0-0: Called Strike 0-1: Ball 1-1: Ball 2-1: Ball 3-1: Swinging Strike 3-2: Fly out, F6 (Popup, 6MS, EV 63.1 MPH)
|
Batting: LHB Brian Canny
|
0-0: Foul Ball, location: 2F 0-1: Swinging Strike 0-2: Strikes out swinging
|
Bottom of the 4th over - 0 runs, 0 hits, 0 errors, 0 left on base; Miami Beach 2 - Oakland 0 |
TOP OF THE 5TH |
Miami Beach Marlins batting - Pitching for Oakland Oaks : LHP Artemio Millares
|
Pitching: RHP Matt Doherty
|
|
Batting: RHB Mike Day
|
0-0: Called Strike 0-1: Swinging Strike 0-2: Strikes out looking
|
Batting: RHB Bill Atley
|
0-0: Ball 1-0: Foul Ball, location: 2F 1-1: Called Strike 1-2: Foul Ball, location: 2F 1-2: Foul Ball, location: 2F 1-2: Ball 2-2: DOUBLE (Groundball, 3L, EV 97.5 MPH)
|
Batting: LHB Luis Ortegon
|
0-0: Ball 1-0: Foul Ball, location: 2F 1-1: Fly out, F6 (Line Drive, 6, EV 72.5 MPH)
|
Batting: RHB Melvin Nava
|
0-0: Ball 1-0: Foul Ball, location: 2F 1-1: Ball 2-1: Foul Ball, location: 2F 2-2: Ball 3-2: Foul Ball, location: 2F 3-2: Base on Balls
|
Batting: SHB Emmet Brickowski
|
0-0: Called Strike 0-1: SINGLE (Groundball, 56S, EV 62.5 MPH) (infield hit) Bill Atley to third Melvin Nava to second
|
Batting: RHB Orlando Melendres
|
0-0: Ball 1-0: Called Strike 1-1: Swinging Strike 1-2: Ball 2-2: Foul Ball, location: 2F 2-2: Strikes out swinging
|
Top of the 5th over - 0 runs, 2 hits, 0 errors, 3 left on base; Miami Beach 2 - Oakland 0 |
BOTTOM OF THE 5TH |
Oakland Oaks batting - Pitching for Miami Beach Marlins : RHP Eric Simons
|
Batting: RHB Mario Medina
|
0-0: Called Strike 0-1: SINGLE (Line Drive, 4D, EV 97.5 MPH)
|
Batting: RHB Robby Britton
|
0-0: Called Strike 0-1: Called Strike 0-2: Strikes out swinging
|
Batting: RHB Edwin Nunez
|
0-0: Swinging Strike 0-1: Called Strike 0-2: Strikes out swinging
|
Batting: RHB Matt Nehman
|
0-0: Called Strike 0-1: Ball 1-1: Foul Ball, location: 2F 1-2: Strikes out looking
|
Bottom of the 5th over - 0 runs, 1 hit, 0 errors, 1 left on base; Miami Beach 2 - Oakland 0 |
TOP OF THE 6TH |
Miami Beach Marlins batting - Pitching for Oakland Oaks : RHP Matt Doherty
|
Batting: LHB Henry Huezo
|
0-0: Ball 1-0: Fly out, F7 (Flyball, 7S, EV 83.8 MPH)
|
Batting: RHB Timo Myers
|
0-0: Foul Ball, location: 2F 0-1: Called Strike 0-2: Ball 1-2: Ball 2-2: Strikes out looking
|
Pitching: RHP Jake Morgan
|
|
Batting: RHB Dustin Baker
|
0-0: Called Strike 0-1: Ball 1-1: Swinging Strike 1-2: Ball 2-2: Ball 3-2: Strikes out looking
|
Top of the 6th over - 0 runs, 0 hits, 0 errors, 0 left on base; Miami Beach 2 - Oakland 0 |
BOTTOM OF THE 6TH |
Oakland Oaks batting - Pitching for Miami Beach Marlins : RHP Eric Simons
|
Batting: LHB Bill Helmer
|
0-0: Foul Ball, location: 2F 0-1: Foul Ball, location: 2F 0-2: Ball 1-2: Strikes out swinging
|
Batting: SHB Steve McGee
|
0-0: TRIPLE (Flyball, 9D, EV 101.2 MPH)
|
Batting: SHB Chris King
|
0-0: Foul Ball, location: 2F 0-1: Foul Ball, location: 2F 0-2: Strikes out swinging
|
Batting: RHB Moises Guzman
|
0-0: Ball 1-0: Ground out 5-3 (Groundball, 5, EV 88.1 MPH)
|
Bottom of the 6th over - 0 runs, 1 hit, 0 errors, 1 left on base; Miami Beach 2 - Oakland 0 |
TOP OF THE 7TH |
Miami Beach Marlins batting - Pitching for Oakland Oaks : RHP Jake Morgan
|
Batting: RHB Mike Day
|
0-0: Ball 1-0: Swinging Strike 1-1: Foul Ball, location: 2F 1-2: Strikes out swinging
|
Batting: RHB Bill Atley
|
0-0: Called Strike 0-1: Foul Ball, location: 2F 0-2: Ball 1-2: Strikes out looking
|
Batting: LHB Luis Ortegon
|
0-0: Ball 1-0: Ball 2-0: Foul Ball, location: 2F 2-1: Foul Ball, location: 2F 2-2: Foul Ball, location: 2F 2-2: Foul Ball, location: 2F 2-2: Foul Ball, location: 2F 2-2: Ball 3-2: Ground out U3 (Groundball, 3, EV 89.4 MPH)
|
Top of the 7th over - 0 runs, 0 hits, 0 errors, 0 left on base; Miami Beach 2 - Oakland 0 |
BOTTOM OF THE 7TH |
Oakland Oaks batting - Pitching for Miami Beach Marlins : RHP Eric Simons
|
Batting: LHB Brian Canny
|
0-0: Ball 1-0: Called Strike 1-1: Ball 2-1: Ball 3-1: Called Strike 3-2: Strikes out looking
|
Pitching: RHP Franklin Vazquez
|
|
Batting: RHB Mario Medina
|
0-0: Ball 1-0: Ball 2-0: Swinging Strike 2-1: Foul Ball, location: 2F 2-2: Ball 3-2: Strikes out swinging
|
Pinch Hitting: LHB Chris Davidson
|
0-0: Ball 1-0: Ball 2-0: Foul Ball, location: 2F 2-1: Swinging Strike 2-2: Foul Ball, location: 2F 2-2: Strikes out swinging
|
Bottom of the 7th over - 0 runs, 0 hits, 0 errors, 0 left on base; Miami Beach 2 - Oakland 0 |
TOP OF THE 8TH |
Miami Beach Marlins batting - Pitching for Oakland Oaks : RHP Jake Morgan
|
Now at 2B: Alex Vidal
|
|
Batting: RHB Melvin Nava
|
0-0: Ball 1-0: Foul Ball, location: 2F 1-1: Foul Ball, location: 2F 1-2: Ball 2-2: Fly out, F9 (Flyball, 89S, EV 83.1 MPH)
|
Batting: SHB Emmet Brickowski
|
0-0: Swinging Strike 0-1: Ball 1-1: Ball 2-1: Ball 3-1: Foul Ball, location: 2F 3-2: SINGLE (Line Drive, 4MD, EV 94.4 MPH)
|
Pitching: LHP Trevor Barker
|
|
Batting: RHB Orlando Melendres
|
0-0: SINGLE (Groundball, 6MD, EV 100.6 MPH) Emmet Brickowski to second Runner from 2nd tries for 3rd, SAFE, throw by CF made to third
|
Batting: LHB Henry Huezo
|
0-0: Called Strike 0-1: Foul Ball, location: 2F 0-2: Strikes out swinging
|
Batting: RHB Timo Myers
|
0-0: Called Strike 0-1: Ball 1-1: Ball 2-1: Ball 3-1: Foul Ball, location: 2F 3-2: SINGLE (Groundball, 34, EV 86.9 MPH) (infield hit) Emmet Brickowski scores Orlando Melendres to second
|
Batting: RHB Dustin Baker
|
0-0: Ball 1-0: Swinging Strike 1-1: Called Strike 1-2: Strikes out looking
|
Top of the 8th over - 1 run, 3 hits, 0 errors, 2 left on base; Miami Beach 3 - Oakland 0 |
BOTTOM OF THE 8TH |
Oakland Oaks batting - Pitching for Miami Beach Marlins : RHP Franklin Vazquez
|
Now at 3B: Chris Harlow
|
|
Pinch Hitting: LHB Justin Conley
|
0-0: Ball 1-0: Ball 2-0: Called Strike 2-1: Foul Ball, location: 2F 2-2: Strikes out looking
|
Pinch Hitting: RHB Ricky Furst
|
0-0: Called Strike 0-1: Swinging Strike 0-2: Ball 1-2: Foul Ball, location: 2F 1-2: Fly out, F7 (Flyball, 7LSF, EV 78.8 MPH)
|
Batting: LHB Bill Helmer
|
0-0: Ball 1-0: Ball 2-0: Called Strike 2-1: Foul Ball, location: 2F 2-2: Ball 3-2: Base on Balls
|
Batting: SHB Steve McGee
|
0-0: Ball 1-0: Fly out, F7 (Flyball, 78D, EV 76.2 MPH)
|
Bottom of the 8th over - 0 runs, 0 hits, 0 errors, 1 left on base; Miami Beach 3 - Oakland 0 |
TOP OF THE 9TH |
Miami Beach Marlins batting - Pitching for Oakland Oaks : LHP Trevor Barker
|
Now at 1B: Justin Conley
|
|
Now at 3B: Ricky Furst
|
|
Batting: RHB Mike Day
|
0-0: Called Strike 0-1: Swinging Strike 0-2: Strikes out looking
|
Batting: RHB Bill Atley
|
0-0: Ball 1-0: Ball 2-0: Foul Ball, location: 2F 2-1: Foul Ball, location: 2F 2-2: Ball 3-2: SINGLE (Line Drive, 4MD, EV 103.1 MPH)
|
Batting: LHB Luis Ortegon
|
0-0: Called Strike 0-1: Called Strike 0-2: Ball 1-2: Ground out U3 (Groundball, 3S, EV 73.1 MPH) Bill Atley to second
|
Batting: RHB Melvin Nava
|
0-0: Ball 1-0: Ball 2-0: Ball 3-0: Called Strike 3-1: Called Strike 3-2: Fly out, F3 (Popup, 3SF, EV 71.2 MPH)
|
Top of the 9th over - 0 runs, 1 hit, 0 errors, 1 left on base; Miami Beach 3 - Oakland 0 |
BOTTOM OF THE 9TH |
Oakland Oaks batting - Pitching for Miami Beach Marlins : RHP Franklin Vazquez
|
Pitching: RHP Robbie Oetting
|
|
Batting: SHB Chris King
|
0-0: Ball 1-0: Fly out, F7 (Line Drive, 78M, EV 90.6 MPH)
|
Pinch Hitting: RHB Kasey Sands
|
0-0: Ball 1-0: Foul Ball, location: 2F 1-1: Ball 2-1: Ball 3-1: Base on Balls
|
Batting: LHB Brian Canny
|
0-0: Called Strike 0-1: Swinging Strike 0-2: Strikes out swinging
|
Batting: RHB Mario Medina
|
0-0: Ball 1-0: Ball 2-0: Ball 3-0: Called Strike 3-1: Base on Balls Kasey Sands to second
|
Pinch Hitting: RHB Jonathan Grabowski
|
0-0: Ball 1-0: Ball 2-0: Called Strike 2-1: SINGLE (Groundball, 34D, EV 98.8 MPH) Kasey Sands to third Mario Medina to second
|
Batting: LHB Justin Conley
|
0-0: Ball 1-0: Fly out, F8 (Flyball, 89D, EV 103.8 MPH)
|
Bottom of the 9th over - 0 runs, 1 hit, 0 errors, 3 left on base; Miami Beach 3 - Oakland 0 |
|